 Dungeon Crawl Stone Soup version 0.27-a0-1502-g47ed6a6988 (webtiles) character file.

Game seed: 4971130364082514945

415 Spaninq the Firebug (level 6, -3/45 HPs)
             Began as a Draconian Fire Elementalist on July 8, 2021.
             Killed from afar by Sigmund (5 damage)
             ... with a puff of flame
             ... on level 4 of the Dungeon.
             The game lasted 00:20:17 (4163 turns).

Spaninq the Firebug (Draconian Fire Elementalist)   Turns: 4163, Time: 00:20:17

Health: -3/45      AC:  7    Str: 10    XL:     6   Next: 60%
Magic:  5/10       EV: 12    Int: 18    God:
Gold:   125        SH:  0    Dex: 11    Spells: 7/11 levels left

rFire    . . .     SeeInvis .   l - +2 dagger (venom)
rCold    . . .     Faith    .   (no shield)
rNeg     . . .     Spirit   .   (armour unavailable)
rPois    .         Reflect  .   (helmet restricted)
rElec    .         Harm     .   p - +0 cloak
rCorr    .         Rampage  .   (no gloves)
Will     .....                  (no boots)
Stlth    ++........             (no amulet)
HPRegen  0.15/turn              h - ring of wizardry
MPRegen  0.12/turn              (no ring)

@: lethally poisoned (-3 -> -12)
A: AC +6, unfitting armour, cold-blooded
a: no special abilities


You were on level 4 of the Dungeon.
You visited 1 branch of the dungeon, and saw 4 of its levels.

You collected 125 gold pieces.

Inventory:

Hand Weapons
 l - a +2 dagger of venom (weapon)
 n - a +3 quarterstaff of chaos
Missiles
 g - 2 throwing nets
Armour
 p - a +0 cloak (worn)
Magical Staves
 m - a staff of cold
Jewellery
 h - a ring of wizardry (left hand)
 i - an amulet of magic regeneration
 q - an amulet of guardian spirit
Wands
 j - a wand of iceblast (10)
Scrolls
 a - a scroll of teleportation {unknown}
 c - 3 scrolls of identify {unknown}
 d - 2 scrolls of magic mapping {unknown}
 e - 2 scrolls of enchant weapon {unknown}
 f - a scroll of blinking {unknown}
 k - 3 scrolls of amnesia {unknown}
 r - a scroll of enchant armour {unknown}
Potions
 b - a potion of curing {unknown}
 o - a potion of might


   Skills:
 - Level 1.7 Dodging
 - Level 1.7 Stealth
 + Level 3.3 Spellcasting
 * Level 4.3 Conjurations
 * Level 5.2 Fire Magic


You had 7 spell levels left.
You knew the following spells:

 Your Spells              Type           Power      Damage    Failure   Level
a - Foxfire               Conj/Fire      80%        2x1d8     1%          1
b - Conjure Flame         Conj/Fire      20%        6-21      2%          3

Your spell library contained the following spells:

 Spells                   Type           Power      Damage    Failure   Level
 Inner Flame              Hex/Fire       12%        N/A       6%          3
 Sticky Flame             Conj/Fire      20%        2d4       9%          4
 Frozen Ramparts          Ice            4%         1d2       19%         3
 Fireball                 Conj/Fire      10%        3d6       24%         5
 Ice Form                 Ice/Tmut       2%         N/A       52%         4
 Summon Ice Beast         Ice/Summ       2%         N/A       52%         4


Dungeon Overview and Level Annotations

Branches:
Dungeon (4/15)
 Temple: D:4-7

Altars:
Gozag
Kikubaaqudgha
Trog
Zin

Shops:
D:3 ?

Annotations:
D:4 Sigmund


Innate Abilities, Weirdness & Mutations

Your plain brown scales are hard. (AC +6)
You cannot fit into any form of body armour.
You are cold-blooded and may be slowed by cold attacks.


Message History

The foxfire hits something. x2
Casting: Foxfire (safe; 1% risk of failure)
Confirm with . or Enter, or press ? or * to list all spells.
You conjure some foxfire!
Something hits you.
You are poisoned.
You feel sick.
The foxfire hits something but does no damage.
The foxfire hits the adder.
The adder is heavily wounded.
The adder closely misses you.
You miss the adder.
The adder is heavily wounded.
You feel sick. The adder barely misses you. Something hits you!
You feel sick.
Casting: Foxfire (safe; 1% risk of failure)
Confirm with . or Enter, or press ? or * to list all spells.
You conjure some foxfire!
You feel sick. The adder bites you but does no damage. Something hits you.
You are more poisoned.
The adder bites you but does no damage.
Your foxfire dissipates!
You feel very sick.
The foxfire hits something.
Casting: Foxfire (safe; 1% risk of failure)
Confirm with . or Enter, or press ? or * to list all spells.
You conjure some foxfire!
You feel sick. The adder barely misses you. Something hits you.
* * * LOW HITPOINT WARNING * * *
You are lethally poisoned!
* * * LOW HITPOINT WARNING * * *
You feel very sick.
The foxfire hits the adder.
The adder is heavily wounded.
The foxfire hits the adder!
You kill the adder!
* * * LOW HITPOINT WARNING * * *
You feel very sick.
A puff of flame appears from out of thin air!
The puff of flame hits you.
You die...

.................................
###########......#####.@....####+
#......#...#......
#......#...#......
#......'...#......#
#....{.#...#......#
#......#...#......##
###########.....§#####.......#
................@............#
.............................#
.............................#
..........)..................#
............†................#
......................########
.....##########'#..<..#
.....#.....#....#.....#
.....#.....#....#.....#


There were no monsters in sight!

Vanquished Creatures
  Edmund (D:4)
  Crazy Yiuf (D:3)
  An orc priest (D:4)
  Jessica (D:3)
  Ijyb (D:3)
  An orc wizard (D:4)
  Natasha (twice) (D:4)
  4 adders
  A worm (D:3)
  3 dart slugs (D:1)
  3 orcs (D:4)
  4 ball pythons
  9 endoplasms
  5 giant cockroaches
  14 goblins
  8 hobgoblins
  7 quokkas
  4 bats
  2 frilled lizards
  3 kobolds (D:3)
  A rat (D:1)
76 creatures vanquished.

Vanquished Creatures (others)
  254 foxfires
254 creatures vanquished.

Grand Total: 330 creatures vanquished

Notes
Turn   | Place    | Note
-------+----------+-------------------------------------------
     0 | D:1      | Spaninq the Draconian Fire Elementalist began the quest for
                  | the Orb.
     0 | D:1      | Reached XP level 1. HP: 14/14 MP: 3/3
   287 | D:1      | Reached XP level 2. HP: 16/20 MP: 0/5
   805 | D:1      | Found a faded altar of an unknown god.
   955 | D:1      | Reached XP level 3. HP: 26/26 MP: 3/6
  1618 | D:2      | Learned a level 3 spell: Conjure Flame
  1986 | D:2      | Reached XP level 4. HP: 33/33 MP: 4/7
  2228 | D:3      | Reached skill level 4 in Fire Magic
  2249 | D:3      | Found a glowing silver altar of Zin.
  2578 | D:3      | Found Miwiun's Magic Scroll Shoppe.
  2681 | D:3      | Noticed Jessica
  2687 | D:3      | Killed Jessica
  2781 | D:3      | Noticed Ijyb
  2802 | D:3      | Killed Ijyb
  2803 | D:3      | Reached XP level 5. HP: 12/38 MP: 1/9
  3205 | D:3      | Found a runed translucent door.
  3206 | D:3      | Noticed Crazy Yiuf
  3215 | D:3      | Killed Crazy Yiuf
  3496 | D:4      | Found an opulent altar of Gozag.
  3637 | D:4      | Noticed a black bear
  3672 | D:4      | Found a bloodstained altar of Trog.
  3680 | D:4      | Noticed Sigmund
  3817 | D:4      | Noticed Natasha
  3822 | D:4      | Killed Natasha
  3823 | D:4      | Reached XP level 6. HP: 45/45 MP: 7/10
  3848 | D:4      | Found an ancient bone altar of Kikubaaqudgha.
  3885 | D:4      | Noticed Edmund
  3908 | D:4      | Killed Edmund
  3909 | D:4      | Reached skill level 5 in Fire Magic
  4012 | D:4      | Noticed Natasha
  4018 | D:4      | Killed Natasha
  4163 | D:4      | HP: 2/45 [poisoned by Sigmund]
  4163 | D:4      | Killed from afar by Sigmund

Illustrated notes

Levels and vault maps discovered:
D:1:      dpeg_arrival_pits, layout_basic, ebering_ecumenical_altar_sacrificial,
          chequers_serial_rivers_micro_b
D:2:      layout_loops_ring, uniq_robin
D:3:      layout_loops_cross, nicolae_overflow_crystal_walls, serial_shops,
          shop, uniq_jessica, uniq_ijyb, uniq_crazy_yiuf_cottage
D:4:      layout_gridville, nicolae_gozag_cash_rules_everything_around_me,
          nicolae_kikubaaqudgha_miasma_corner, mainiacjoe_overflow_24_doors,
          kennysheep_doodads, uniq_edmund, uniq_sigmund, uniq_natasha

Skill      XL: |  1  2  3  4  5  6 |
---------------+-------------------+-----
Conjurations   | 2 3 4 |  4.3
Fire Magic     | 4 5 |  5.2
Spellcasting   | 3 |  3.3
Dodging        | |  1.7
Stealth        | |  1.7

Action                   |  1- 3 |  4- 6 || total
-------------------------+-------+-------++-------
Melee: Dagger            |     8 |    20 ||    28
       Tailslap          |       |     3 ||     3
 Cast: Foxfire           |    77 |    76 ||   153
  Use: Potion            |       |     2 ||     2
Armor: Skin              |     6 |    25 ||    31
Dodge: Dodged            |    24 |    15 ||    39

Table legend: (Time is in decaauts)
 A = Elapsed time spent in this place.
 B = Non-inter-level travel time spent in this place.
 C = Inter-level travel time spent in this place.
 D = Time resting spent in this place.
 E = Time spent auto-exploring this place.
 F = Levels seen in this place.
 G = Mean time per level.
                   A        B        C        D        E       F      G
               +--------+--------+--------+--------+--------+-----+--------+
         Total |   4161 |   4121 |     40 |    377 |   3018 |   4 | 1040.2 |
       Dungeon |   4161 |   4121 |     40 |    377 |   3018 |   4 | 1040.2 |
               +--------+--------+--------+--------+--------+-----+--------+

Top non-repeatable levels by time:
     D:1: 1361 daAuts
     D:3: 1270 daAuts
     D:2: 862 daAuts
     D:4: 666 daAuts
